 Dungeon Crawl Stone Soup version 0.26-a0-854-gdc81c2f471 (webtiles) character file.

Game seed: 10914744924045616406

388 Gezukamaru the Sneak (level 6, -1/39 HPs)
             Began as an Octopode Transmuter on Nov 22, 2020.
             Slain by a centaur skeleton (4 damage)
             ... on level 4 of the Dungeon.
             The game lasted 00:14:22 (4243 turns).

Gezukamaru the Sneak (Octopode Transmuter)          Turns: 4243, Time: 00:14:23

Health: -1/39      AC:  1    Str: 10    XL:     6   Next: 79%
Magic:  10/10      EV: 14    Int: 16    God:
Gold:   199        SH:  0    Dex: 13    Spells: 3/11 levels left

rFire    x . .     SeeInvis .   j - +2 dagger (venom)
rCold    + . .     Faith    .   (no shield)
rNeg     . . .     Spirit   .   (helmet restricted)
rPois    .         Reflect  .   (no amulet)
rElec    .         Harm     .   k - ring of ice
rCorr    +         Rampage  .   o - ring of resist corrosion (curse)
MR       .....                  (no ring)
Stlth    +++.......             (no ring)
HPRegen  0.13/turn              (no ring)
MPRegen  0.12/turn              (no ring)
                                (no ring)
                                (no ring)

@: no status effects
A: almost no armour, stealthy swim, amphibious, 8 rings, constrict 8, camouflage
1, gelatinous body 1
a: no special abilities


You were on level 4 of the Dungeon.
You visited 1 branch of the dungeon, and saw 4 of its levels.

You collected 199 gold pieces.

Inventory:

Hand Weapons
 b - a +0 dagger
 j - a +2 dagger of venom (weapon)
 l - a +1 vampiric dagger
Jewellery
 k - a ring of ice (left tentacle)
 o - a cursed ring of resist corrosion (right tentacle)
Wands
 g - a wand of iceblast (7)
Scrolls
 c - a scroll of noise {unknown}
 d - a scroll of magic mapping {unknown}
 e - a scroll of immolation {unknown}
 f - 4 scrolls of remove curse {unknown}
 h - 4 scrolls of identify {unknown}
 i - 2 scrolls of teleportation {unknown}
 m - a scroll of enchant armour {unknown}
 n - a scroll of blinking {unknown}
Potions
 a - a potion of attraction {unknown}


   Skills:
 - Level 2.0 Fighting
 - Level 3.0 Dodging
 + Level 4.0 Stealth
 - Level 3.0 Unarmed Combat
 - Level 3.0 Spellcasting
 * Level 3.7 Transmutations
 + Level 1.7 Ice Magic
 + Level 2.6 Poison Magic


You had 3 spell levels left.
You knew the following spells:

 Your Spells              Type           Power        Failure   Level
a - Beastly Appendage     Tmut           ##....       4%          1
b - Spider Form           Tmut/Pois      ##........   16%         3
c - Ice Form              Ice/Tmut       ###.....     52%         4

Your spell library contained the following spells:

 Spells                   Type           Power        Failure   Level
 Wereblood                Tmut           ##......     6%          2
 Blade Hands              Tmut           ##........   73%         5


Dungeon Overview and Level Annotations

Branches:
Dungeon (4/15)
 Temple: D:4-7

Altars:
Okawaru


Innate Abilities, Weirdness & Mutations

You cannot wear most types of armour.
You are very stealthy in the water. (Stealth+)
You are amphibious.
You can wear up to eight rings at the same time.
You can use your tentacles to constrict eight enemies at once.
Your skin changes colour to match your surroundings (Stealth+).
Your rubbery body absorbs attacks. (AC +1, EV +1)


Message History

* * * LOW HITPOINT WARNING * * *
The centaur skeleton barely misses you.
Found 15 bolts.
The centaur skeleton closely misses you.
There is a stone staircase leading down here.
An orc wizard comes into view. It is wielding a +1 dagger of pain.
An orc comes into view.
It is wielding a +0 falchion and wearing a +2 scale mail of poison resistance.
You barely miss the worker ant zombie.
The orc wizard shouts!
You grab the worker ant zombie.
You constrict the worker ant zombie, but do no damage.
You hear a shout!
The centaur skeleton hits you.
* * * LOW HITPOINT WARNING * * *
The adder zombie bites you.
* * * LOW HITPOINT WARNING * * *
The worker ant zombie barely misses you.
An orc wizard comes into view. It is wielding a +0 club.
The centaur skeleton hits you.
You die...

# ##### # #o.......... ....# #.
...o........ ....#
#..#.o.......... ....#
#.#............# .8..#
##............... ....#
##.......(........ ....#
.....#........... ....##
#.#.....@Z......# .....##
#.#.#...ZZ......#
......###.#.......>.....#
....#.....#..#..........#
##......................# # #
####.......###........## .##..
###.....#.####.....<..####....
###..........########..)>#......
...........#..)..####.....(#


You could see 2 orc wizards, an orc, an adder zombie, a worker ant zombie and a
centaur skeleton.

Vanquished Creatures
  An ogre (D:4)
  A centaur skeleton (D:4)
  A bullfrog skeleton (D:4)
  Jessica (D:3)
  Ijyb (D:3)
  Terence (D:3)
  A hound zombie (D:4)
  A worker ant zombie (D:4)
  Robin (D:2)
  A howler monkey skeleton (D:4)
  4 adders
  An adder zombie (D:4)
  A worm (D:2)
  2 dart slugs (D:1)
  A leopard gecko (D:2)
  6 orcs
  2 ball pythons
  4 bats
  5 giant cockroaches
  10 goblins
  11 hobgoblins
  2 jackals (D:2)
  2 quokkas
  6 frilled lizards
  6 kobolds (D:1)
  7 rats
80 creatures vanquished.

Vanquished Creatures (others)
  2 withered plants (D:4)
2 creatures vanquished.

Grand Total: 82 creatures vanquished

Notes
Turn   | Place    | Note
-------+----------+-------------------------------------------
     0 | D:1      | Gezukamaru the Octopode Transmuter began the quest for the
                  | Orb.
     0 | D:1      | Reached XP level 1. HP: 13/13 MP: 3/3
   207 | D:1      | Reached XP level 2. HP: 10/18 MP: 5/5
   389 | D:1      | Reached skill level 1 in Stealth
   929 | D:1      | Reached XP level 3. HP: 18/23 MP: 6/6
  1537 | D:2      | Learned a level 3 spell: Spider Form
  1608 | D:2      | Reached skill level 2 in Stealth
  1635 | D:2      | HP: 1/24 [poisoned by an adder]
  1641 | D:2      | HP: 1/24 [poisoned by an adder]
  1940 | D:2      | Reached XP level 4. HP: 29/29 MP: 7/7
  1950 | D:2      | Noticed Robin
  2298 | D:2      | Killed Robin
  2568 | D:2      | Reached skill level 1 in Poison Magic
  2711 | D:3      | Noticed Jessica
  2717 | D:3      | Killed Jessica
  2718 | D:3      | Reached XP level 5. HP: 33/34 MP: 8/8
  2841 | D:3      | Noticed Ijyb
  2852 | D:3      | Killed Ijyb
  2917 | D:3      | Noticed Terence
  3039 | D:3      | Learned a level 4 spell: Ice Form
  3349 | D:3      | Found an iron altar of Okawaru.
  3530 | D:3      | Killed Terence
  3531 | D:3      | Reached skill level 3 in Stealth
  3626 | D:4      | Noticed an ogre
  3660 | D:4      | Reached XP level 6. HP: 15/39 MP: 10/10
  3938 | D:4      | Reached skill level 1 in Ice Magic
  4225 | D:4      | Reached skill level 4 in Stealth
  4243 | D:4      | Slain by a centaur skeleton

Illustrated notes

Levels and vault maps discovered:
D:1:      minmay_arrival_split_and_join, layout_basic
D:2:      minmay_chambers_of_ones, layout_rooms, uniq_robin
D:3:      layout_loops_corners, lemuel_coloured_pillars_altar, uniq_ijyb,
          uniq_terence, uniq_jessica
D:4:      layout_rooms, minmay_temple_entry_stoned_glass, serial_undead,
          serial_undead_a, serial_undead_a, serial_undead_d, serial_undead_c,
          serial_undead_a, serial_undead_b, serial_undead_d, serial_undead_a,
          serial_undead_f, serial_undead_c

Skill      XL: |  1  2  3  4  5  6 |
---------------+-------------------+-----
Stealth        | 1 2 3 4 |  4.0
Poison Magic   | 1 2 |  2.6
Fighting       | 2 |  2.0
Transmutations | 3 |  3.7
Dodging        | 3 |  3.0
Ice Magic      | 1 |  1.7
Spellcasting   | 3 |  3.0
Unarmed Combat | |  3.0

Action                   |  1- 3 |  4- 6 || total
-------------------------+-------+-------++-------
Melee: Dagger            |    75 |   118 ||   193
       Unarmed           |     7 |       ||     7
       Constrict         |    20 |    26 ||    46
       Tentacles         |    11 |    17 ||    28
       Punch             |     1 |     3 ||     4
       Kick              |       |     1 ||     1
 Cast: Beastly Appendage |       |     1 ||     1
  Use: Potion            |     3 |       ||     3
 Stab: Sleeping          |    10 |     9 ||    19
Armor: Skin              |     4 |     3 ||     7
Dodge: Dodged            |    49 |    72 ||   121

Table legend: (Time is in decaauts)
 A = Elapsed time spent in this place.
 B = Non-inter-level travel time spent in this place.
 C = Inter-level travel time spent in this place.
 D = Time resting spent in this place.
 E = Time spent auto-exploring this place.
 F = Levels seen in this place.
 G = Mean time per level.
                   A        B        C        D        E       F      G
               +--------+--------+--------+--------+--------+-----+--------+
         Total |   4232 |   4106 |    126 |   1022 |   2276 |   4 | 1058.0 |
       Dungeon |   4232 |   4106 |    126 |   1022 |   2276 |   4 | 1058.0 |
               +--------+--------+--------+--------+--------+-----+--------+

Top non-repeatable levels by time:
     D:1: 1648 daAuts
     D:3: 1252 daAuts
     D:2: 994 daAuts
     D:4: 337 daAuts
